AoeStats
← Erick14mar

Arena

510031917Analyzed
2v2 RM · 4d ago on Sep 29, 2026· 66m 49s· 4 players
Game mode
Random Map
Map size
Medium (4 player)
Population
200
Speed
Normal
Resources
Standard
Victory
Conquest
Starting age
Dark Age
Ending age
Imperial Age
RankedLock teamsTeams togetherTeam positionsShared explorationLock speedFull tech treeHidden civsTurbo modeCheats
Victory
Defeat
🇵🇪 Teutons · Peru
1376
+21
🇦🇷 Mongols · Argentina
1341
+22
🇨🇴 Persians · Colombia
1491
-22
🇩🇰 Turks · Denmark
1464
-21
FC_diana2501
9:50 Feudal Age
11:45 Loom
14:30 Castle Age
13:02 Double-Bit Axe
13:03 Horse Collar
21:25 Bloodlines
22:36 Wheelbarrow
22:19 Scale Barding Armor
25:03 Bow Saw
25:03 Fletching
26:31 Forging
29:12 Bodkin Arrow
30:38 Town Watch
31:20 Bodkin Arrow
34:47 Imperial Age
32:53 Heavy Plow
32:45 Gold Mining
33:26 Masonry
34:31 Iron Casting
34:15 Elite Skirmisher
35:49 Padded Archer Armor
36:50 Blast Furnace
36:11 Chain Barding Armor
38:37 Gold Shaft Mining
40:37 Stone Mining
42:54 Cavalier
45:25 Plate Barding Armor
46:09 Kamandaran
45:32 Crossbowman
46:18 Thumb Ring
47:49 Chemistry
ivel sti iH
8:49 Loom
11:36 Feudal Age
9:53 Loom
15:51 Castle Age
15:05 Double-Bit Axe
15:54 Horse Collar
16:15 Fletching
28:05 Bodkin Arrow
31:53 Padded Archer Armor
33:28 Wheelbarrow
33:11 Bow Saw
33:50 Leather Archer Armor
34:56 Ballistics
35:19 Sipahi
35:13 Heavy Plow
35:52 Gold Mining
37:11 Hand Cart
40:31 Imperial Age
38:10 Thumb Ring
38:59 Gold Shaft Mining
41:12 Imperial Age
39:36 Scale Barding Armor
39:41 Forging
41:12 Chain Barding Armor
41:42 Husbandry
41:52 Bloodlines
41:18 Heavy Cavalry Archer
41:59 Bracer
42:30 Ring Archer Armor
43:42 Two-Man Saw
43:12 Parthian Tactics
43:15 Conscription
43:16 Scale Mail Armor
43:53 Plate Barding Armor
43:53 Iron Casting
45:09 Stone Mining
45:51 Murder Holes
46:17 Bombard Tower
46:08 Masonry
49:02 Blast Furnace
Erick14mar
8:40 Feudal Age
8:34 Loom
10:48 Fletching
15:40 Horse Collar
17:12 Double-Bit Axe
23:28 Town Watch
33:21 Castle Age
33:28 Padded Archer Armor
33:29 Scale Mail Armor
33:39 Forging
34:17 Heavy Plow
34:30 Bow Saw
37:44 Imperial Age
36:34 Gold Mining
37:05 Fortified Wall
37:21 Ballistics
37:45 Wheelbarrow
38:09 Bodkin Arrow
39:36 Chemistry
40:07 Iron Casting
40:08 Chain Mail Armor
39:43 Pikeman
40:09 Arson
40:25 Squires
41:45 Hand Cart
41:34 Town Patrol
41:39 Elite Skirmisher
41:39 Crossbowman
43:51 Two-Man Saw
43:45 Crop Rotation
44:07 Leather Archer Armor
45:25 Blast Furnace
45:29 Gambesons
47:02 Ballistics
49:12 Man-at-Arms
49:12 Halberdier
52:21 Plate Mail Armor
52:36 Ring Archer Armor
52:31 Scale Barding Armor
55:24 Ironclad
54:35 Sappers
55:25 Conscription
58:59 Chain Barding Armor
59:35 Guilds
59:55 Coinage
60:15 Stone Mining
61:11 Heavy Scorpion
63:20 Man-at-Arms
64:57 Long Swordsman
Piojoso87
5:55 Loom
11:01 Feudal Age
15:47 Castle Age
14:13 Double-Bit Axe
15:21 Horse Collar
17:55 Bow Saw
22:53 Gold Mining
24:19 Wheelbarrow
23:54 Fletching
24:45 Bodkin Arrow
26:17 Padded Archer Armor
27:46 Hand Cart
30:57 Imperial Age
28:35 Stone Mining
30:43 Ballistics
30:41 Leather Archer Armor
31:24 Bloodlines
31:12 Elite Mangudai
32:40 Bracer
33:09 Thumb Ring
34:16 Parthian Tactics
33:54 Husbandry
34:33 Conscription
36:57 Chemistry
35:31 Capped Ram
36:35 Drill
36:23 Heavy Plow
37:01 Siege Ram
40:33 Gold Shaft Mining
40:34 Stone Shaft Mining
44:04 Heavy Scorpion
47:33 Masonry
48:23 Siege Engineers
56:05 Scale Barding Armor
56:12 Forging
55:38 Light Cavalry
56:40 Hussar
58:39 Iron Casting
59:24 Chain Barding Armor
60:57 Blast Furnace
61:59 Town Watch
Connection lost

Rejoining the realm…

Still unreachable

The connection could not be restored.

Session expired

The server has moved on; the page needs a fresh start.